AoeStats
← tuberculito

Nomad

508342035Analyzed
4v4 RM · 11d ago on Sep 22, 2026· 61m 2s· 8 players
Game mode
Random Map
Map size
231×231
Population
200
Speed
Normal
Resources
Standard
Victory
Conquest
Starting age
Dark Age
Ending age
Imperial Age
RankedLock teamsTeams togetherTeam positionsShared explorationLock speedFull tech treeHidden civsTurbo modeCheats
Victory
Defeat
🇺🇸 Mongols · United States
892
+28
🇨🇴 Franks · Colombia
796
+13
🇫🇷 Malay · France
763
+14
🇲🇽 Lithuanians · Mexico
598
+22
🇺🇸 Spanish · United States
783
-17
🇨🇱 Maya · Chile
717
-14
🇨🇱 Britons · Chile
709
-14
🇨🇱 Khmer · Chile
689
-13
Golden Boy
14:02 Feudal Age
14:31 Double-Bit Axe
20:11 Castle Age
20:15 Light Cavalry
24:35 Bloodlines
31:33 Forging
31:24 Fishing Lines
33:47 Iron Casting
33:44 Scale Barding Armor
33:40 Scale Mail Armor
34:02 Husbandry
34:05 Gillnets
34:59 Gold Mining
36:17 Chain Mail Armor
36:29 Chain Barding Armor
38:43 Demolition Ship
43:54 Imperial Age
44:17 Winged Hussar
49:30 Plate Barding Armor
Point and Click
6:59 Loom
19:08 Feudal Age
18:48 Double-Bit Axe
18:51 Fishing Lines
25:34 Castle Age
23:58 Man-at-Arms
24:24 Arson
25:15 Squires
25:27 Gillnets
26:11 Town Watch
26:01 Long Swordsman
32:33 Imperial Age
33:06 Forced Levy
35:37 Thalassocracy
36:55 Two-Handed Swordsman
42:11 Forging
44:21 Iron Casting
53:35 Blast Furnace
Deryuro
4:49 Loom
16:40 Feudal Age
18:29 Town Watch
22:43 Forging
29:03 Castle Age
27:37 Double-Bit Axe
28:01 Scale Barding Armor
34:48 Stone Mining
40:17 Imperial Age
38:46 Scale Mail Armor
39:56 Bow Saw
43:44 Imperial Age
42:30 Iron Casting
45:54 Cavalier
46:36 Husbandry
45:58 Pikeman
46:39 Squires
46:25 Arson
52:01 Wheelbarrow
61:00 Chain Mail Armor
AntSnCt
18:12 Feudal Age
27:56 Double-Bit Axe
37:35 Castle Age
39:21 Wheelbarrow
38:43 Gold Mining
38:46 Stone Mining
44:40 Elite Skirmisher
53:54 Pikeman
57:33 Imperial Age
60:45 Elite Mangudai
Gatito_JOE
5:13 Loom
16:37 Feudal Age
17:09 Man-at-Arms
17:35 Arson
23:04 Fishing Lines
31:09 Castle Age
36:42 Double-Bit Axe
36:41 Horse Collar
42:41 Caravan
42:44 Town Watch
46:24 Redemption
48:12 Fletching
56:18 Murder Holes
56:45 Light Cavalry
57:36 Bloodlines
Alfita EZ
12:23 Loom
16:23 Feudal Age
18:06 Wheelbarrow
22:41 Fletching
22:52 Scale Mail Armor
25:29 Castle Age
25:40 Padded Archer Armor
32:29 Town Watch
33:05 Forging
34:11 Pikeman
35:33 Eagle Warrior
35:40 Eagle Warrior
38:28 Gold Mining
38:21 Crossbowman
41:50 Town Patrol
42:06 Hand Cart
46:01 Bodkin Arrow
49:04 Imperial Age
51:22 Arbalester
52:08 Thumb Ring
52:37 Ballistics
53:18 Chemistry
51:57 Halberdier
59:12 Bracer
59:28 Leather Archer Armor
60:29 Chain Mail Armor
tuberculito
3:33 Loom
16:16 Feudal Age
16:40 Man-at-Arms
22:15 Arson
27:23 Castle Age
26:04 Gold Mining
26:17 Stone Mining
26:37 Double-Bit Axe
29:09 Wheelbarrow
28:20 Town Watch
28:19 Pikeman
34:32 Imperial Age
36:02 Forging
35:53 Scale Mail Armor
42:38 Hand Cart
42:24 Town Patrol
43:49 Gold Shaft Mining
47:22 Crossbowman
52:52 Iron Casting
52:18 Padded Archer Armor
52:09 Fletching
52:24 Scale Barding Armor
54:25 Town Patrol
56:21 Elite Longbowman
AlexMercier
17:02 Feudal Age
17:49 Town Watch
18:46 Wheelbarrow
18:50 Double-Bit Axe
19:35 Gold Mining
21:00 Stone Mining
24:15 Castle Age
25:19 Bow Saw
24:54 Horse Collar
26:22 Stone Shaft Mining
27:06 Scale Barding Armor
28:57 Husbandry
29:10 Bloodlines
31:09 Gold Shaft Mining
31:05 Forging
34:02 Heavy Plow
34:43 Iron Casting
38:53 Caravan
44:01 Chain Barding Armor
45:19 Tusk Swords
55:55 Imperial Age
Connection lost

Rejoining the realm…

Still unreachable

The connection could not be restored.

Session expired

The server has moved on; the page needs a fresh start.